 Dungeon Crawl Stone Soup version 0.27-a0-1312-g5cdb2b3542 (webtiles) character file.

Game seed: 9480351136840218675

83 27snakeeyes612 the Chopper (level 4, -5/61 HPs)
             Began as a Minotaur Berserker on June 20, 2021.
             Was a Believer of Trog.
             Slain by a gnoll (6 damage)
             ... on level 2 of the Dungeon.
             The game lasted 00:01:19 (1353 turns).

27snakeeyes612 the Chopper (Minotaur Berserker)     Turns: 1353, Time: 00:01:20

Health: -5/61      AC:  2    Str: 22    XL:     4   Next: 22%
Magic:  3/3        EV: 12    Int:  4    God:    Trog [**....]
Gold:   79         SH:  0    Dex: 10    Spells: 3/3 levels left

rFire    . . .     SeeInvis .   a - +0 hand axe
rCold    . . .     Faith    .   (no shield)
rNeg     . . .     Spirit   .   b - +0 animal skin
rPois    +         Reflect  .   (helmet restricted)
rElec    .         Harm     .   (no cloak)
rCorr    .         Rampage  .   (no gloves)
Will     .....                  (no boots)
Stlth    ..........             (no amulet)
HPRegen  0.20/turn              c - ring of poison resistance
MPRegen  0.08/turn              (no ring)

@: berserking, lethally poisoned (-5 -> -45), very quick
A: horns 2, retaliatory headbutt
a: Renounce Religion, Berserk, Trog's Hand


You were on level 2 of the Dungeon.
You worshipped Trog.
Trog was pleased with you.
You visited 1 branch of the dungeon, and saw 3 of its levels.

You collected 79 gold pieces.

Inventory:

Hand Weapons
 a - a +0 hand axe (weapon)
Armour
 b - a +0 animal skin (worn)
Jewellery
 c - a ring of poison resistance (left hand)
 e - an amulet of faith
Scrolls
 g - a scroll of enchant armour {unknown}
 k - a scroll of brand weapon {unknown}
 l - a scroll of immolation {unknown}
 m - a scroll of magic mapping {unknown}
Potions
 d - a potion of brilliance {unknown}
 f - a potion of lignification {unknown}
 h - a potion of mutation {unknown}
 i - a potion of resistance {unknown}
 j - a potion of degeneration {unknown}
 n - a potion of might {unknown}


   Skills:
 + Level 4.5 Fighting
 + Level 5.0 Axes
 + Level 2.6 Armour
 + Level 2.8 Dodging
 + Level 0.1 Stealth


You had 3 spell levels left.
You didn't know any spells.
Your spell library was empty.

Dungeon Overview and Level Annotations

Branches:
Dungeon (3/15)

Altars:
Wu Jian


Innate Abilities, Weirdness & Mutations

You have a pair of horns on your head.
You reflexively headbutt those who attack you in melee.


Message History

The gnoll closely misses you.
There is a stone staircase leading down here.
The gnoll completely misses you. The gnoll hits you with a +0 halberd!
You climb downwards.
There is a stone staircase leading up here.
You slash the gnoll!
The gnoll is severely wounded.
The gnoll misses you.
You closely miss the gnoll. You headbutt the gnoll.
You kill the gnoll!
Trog accepts your kill.
Your Axes skill increases to level 5!
No target in view!
No target in view!
No target in view!
No target in view!
No target in view!
No target in view!
No target in view!
You start resting.
HP restored.
You climb upwards.
The gnoll closely misses you. The gnoll misses you.
The gnoll barely misses you.
There is a stone staircase leading down here.
The gnoll hits you with a +0 spear.
The gnoll hits you with a +0 halberd of venom!
You are lethally poisoned!
There is a stone staircase leading down, spattered with blood here.
A red film seems to cover your vision as you go berserk!
You feel yourself moving faster!
You feel mighty!
You feel very sick. The gnoll hits you with a +0 spear.
The gnoll hits you with a +0 halberd of venom!
* * * LOW HITPOINT WARNING * * *
You are more poisoned.
You barely miss the gnoll. x2
* * * LOW HITPOINT WARNING * * *
You feel extremely sick. The gnoll hits you with a +0 spear.
You die...

#†# #(...........#.#####..>#.
#.# #..............# ###.#.
#.# #.............## #...
#.####..........##########...
#.........#.....# #.........#
###.....###.....###.......###
#..........................
###........gg...###.......###
#...........@..## #.......###
##.#....######...###.........#
#..#....######....##########.#
#.............###.......# #...
####....#####.........#.###...
###### ########..........
#.#####.... ###.#####....
#...)..###...


You could see 2 gnolls.

Vanquished Creatures
  2 gnolls (D:3)
  8 endoplasms
  3 giant cockroaches
  5 goblins
  10 hobgoblins
  6 jackals (D:1)
  3 quokkas
  4 ball pythons
  3 bats
  5 kobolds
  6 rats
55 creatures vanquished.

Notes
Turn   | Place    | Note
-------+----------+-------------------------------------------
     0 | D:1      | 27snakeeyes612 the Minotaur Berserker began the quest for
                  | the Orb.
     0 | D:1      | Reached XP level 1. HP: 19/19 MP: 0/0
    45 | D:1      | Reached skill level 4 in Axes
    45 | D:1      | Reached XP level 2. HP: 10/27 MP: 1/1
    98 | D:1      | Reached ** piety under Trog
   460 | D:1      | Reached XP level 3. HP: 33/34 MP: 2/2
   978 | D:2      | Found an ornate altar of the Wu Jian Council.
  1244 | D:3      | Reached XP level 4. HP: 34/41 MP: 3/3
  1302 | D:3      | Reached skill level 5 in Axes
  1353 | D:2      | HP: 1/61 [poisoned by a gnoll]
  1353 | D:2      | Slain by a gnoll

Illustrated notes

Levels and vault maps discovered:
D:1:      onia_arrival_handbag, layout_rooms, minmay_three_crescents
D:2:      layout_rooms, basic_altar
D:3:      layout_loops_ring, nicolae_tso_besieged_by_evil,
          serial_bayou_lagoon_a, uniq_robin

Skill      XL: |  1  2  3  4 |
---------------+-------------+-----
Fighting       | 4 |  4.5
Axes           | 4 5 |  5.0
Armour         | |  2.6
Dodging        | |  2.8
Stealth        | |  0.1

Action                   |  1- 3 |  4- 6 || total
-------------------------+-------+-------++-------
Melee: Hand axe          |    69 |     3 ||    72
       Headbutt          |     7 |     1 ||     8
Invok: Berserk           |     1 |     1 ||     2
       Trog's Hand       |     1 |       ||     1
Armor: Animal skin       |    12 |       ||    12
Dodge: Dodged            |    63 |     8 ||    71

Table legend: (Time is in decaauts)
 A = Elapsed time spent in this place.
 B = Non-inter-level travel time spent in this place.
 C = Inter-level travel time spent in this place.
 D = Time resting spent in this place.
 E = Time spent auto-exploring this place.
 F = Levels seen in this place.
 G = Mean time per level.
                   A        B        C        D        E       F      G
               +--------+--------+--------+--------+--------+-----+--------+
         Total |   1367 |   1356 |     11 |    100 |    988 |   3 |  455.7 |
       Dungeon |   1367 |   1356 |     11 |    100 |    988 |   3 |  455.7 |
               +--------+--------+--------+--------+--------+-----+--------+

Top non-repeatable levels by time:
     D:1: 880 daAuts
     D:2: 378 daAuts
     D:3: 108 daAuts
